 Dungeon Crawl Stone Soup version 0.15-a0-1253-g15b4f57 (webtiles) character file.

1945 Psiweapon the Fighter (level 8, 0/69 HPs)
             Began as a Mummy Fighter on June 4, 2014.
             Was an Initiate of Ashenzari.
             Slain by Prince Ribbit (10 damage)
             ... on Level 7 of the Dungeon.
             The game lasted 00:18:19 (6020 turns).

Psiweapon the Fighter (Mummy Fighter)               Turns: 6020, Time: 00:18:19

HP   0/69        AC 13     Str 21      XL: 8   Next: 98%
MP   8/8         EV  5     Int  7      God: Ashenzari [......]
Gold 158         SH 18     Dex 11      Spells:  0 memorised,  7 levels left

rFire  x . .     SeeInvis .     a - +0 flail (curse)
rCold  + + .     Clarity  .     r - +3 chain mail {rC+} (curse)
rNeg   + + +     rCorr    .     c - +0 shield
rPois  +         rRot     +     z - -2 helmet (curse)
rElec  .         Spirit   .     x - +1 cloak
SustAb .         Warding  .     (no gloves)
rMut   .         Stasis   .     (no boots)
Gourm  .                        (no amulet)
MR     +....                    i - cursed ring of wizardry
                                u - cursed ring of stealth

@: somewhat resistant to hostile enchantments, extremely unstealthy
A: no food or potions, fire vulnerability, restore body, cold resistance 1, life
protection 3, poison resistance, torment resistance, unbreathing
a: Renounce Religion


You were on level 7 of the Dungeon.
You worshipped Ashenzari.
Ashenzari was noncommittal.
You were not hungry.

You visited 2 branches of the dungeon, and saw 9 of its levels.
You also visited: Ossuary.

You collected 158 gold pieces.

Inventory:

Hand weapons
 a - a cursed +0,+0 flail (weapon)
 k - a +2,+2 mace of draining
 s - a +0 blowgun
 w - a +3,+4 quarterstaff of chaos
Missiles
 o - 23 poisoned needles
 t - 12 bolts
Armour
 b - a +0 scale mail
 c - a +0 shield (worn)
 r - a cursed +3 chain mail of cold resistance (worn)
 x - a +1 cloak (worn)
 z - a cursed -2 helmet (worn)
Magical devices
 j - a wand of hasting (0)
 y - a wand of cold (0)
 D - a wand of frost (13)
Scrolls
 d - 4 scrolls of fear
 e - 2 scrolls of magic mapping
 f - a scroll of identify
 g - 8 scrolls of curse armour
 h - 3 scrolls of random uselessness {unknown}
 n - a scroll of noise
 p - 2 scrolls of immolation
 v - 2 scrolls of teleportation {unknown}
 B - a scroll of blinking
 E - 5 scrolls of curse jewellery
 F - 6 scrolls of curse weapon
Jewellery
 i - a cursed ring of wizardry (right hand)
 q - an uncursed ring of sustain abilities
 u - a cursed ring of stealth (left hand)
 C - an uncursed ring of poison resistance
Books
 l - a book of Frost

   Spells                             Type                      Level
   Freeze                             Ice                          1
   Throw Frost                        Conjuration/Ice              2
   Ozocubu's Armour                   Charms/Ice                   3
   Throw Icicle                       Conjuration/Ice              4
   Summon Ice Beast                   Ice/Summoning                4
   Condensation Shield                Ice                          4
 m - a book of Maledictions

   Spells                             Type                      Level
   Corona                             Hexes                        1
   Sure Blade                         Hexes/Charms                 2
   Ensorcelled Hibernation            Hexes/Ice                    2
   Confuse                            Hexes                        3
   Dazzling Spray                     Conjuration/Hexes            3
   Enslavement                        Hexes                        4
 A - a book of Enchantments

   Spells                             Type                      Level
   Tukima's Dance                     Hexes                        3
   Cause Fear                         Hexes                        4
   Silence                            Hexes/Air                    5
   Deflect Missiles                   Charms/Air                   6
   Haste                              Charms                       6
   Discord                            Hexes                        8


   Skills:
 + Level 8.6 Fighting
 + Level 6.9 Maces & Flails
 - Level 2.7 Armour
 - Level 0.4 Dodging
 - Level 2.8 Shields


You had 7 spell levels left.
You didn't know any spells.

Dungeon Overview and Level Annotations

Branches:
Dungeon (8/15)             Temple (1/1) D:7
   Lair: D:8-11

Altars:
Ashenzari
Cheibriados
Dithmenos
Elyvilon
Gozag
Kikubaaqudgha
Makhleb
Okawaru
Qazlal
Sif Muna
Trog
Vehumet
Xom
Yredelemnul
Zin
The Shining One

Shops:
D:4 (   D:6 (

Annotations:
D:4 exclusion: downstairs
D:7 Prince Ribbit


Innate Abilities, Weirdness & Mutations

You do not eat or drink.
Your flesh is vulnerable to fire.
Your flesh is cold resistant.
You are immune to negative energy.
Your system is resistant to poisons.
You are immune to unholy pain and torment.
You can survive without breathing.


Message History

Prince Ribbit is severely wounded.
Prince Ribbit barely misses you.
Prince Ribbit lets out a mournful croak.
Prince Ribbit blinks!
Prince Ribbit hits you!
Prince Ribbit momentarily phases out as your attack passes through him.
Prince Ribbit is severely wounded.
Prince Ribbit completely misses you.
You closely miss Prince Ribbit.
Prince Ribbit is severely wounded.
Prince Ribbit barely misses you. Prince Ribbit hits you!
* * * LOW HITPOINT WARNING * * *
Prince Ribbit momentarily phases out as your attack passes through him.
Prince Ribbit is severely wounded.
Prince Ribbit hits you!
* * * LOW HITPOINT WARNING * * *
Prince Ribbit momentarily phases out as your attack passes through him.
Prince Ribbit is severely wounded.
You block Prince Ribbit's attack. Prince Ribbit hits you!
You die...

### #[..
##.. ##...
#$...
#...###
#.....# #
#....## ##
#..F@.###
.##
###.....##
..#
##.....##
..#
##.....#
..#
###...##
.###
#....#
...#
##...##
...##
#....##
..^.#
#....(###


You could see Prince Ribbit.

Vanquished Creatures
  Grinder (D:3)
  The ghost of Psiweapon the Twirler, an average MiGl (D:3)
  A hippogriff (D:7)
  An ogre (D:7)
  A centaur (D:6)
  Sigmund (D:7)
  3 giant frogs
  3 water moccasin zombies (Ossuary)
  A scorpion (D:4)
  An oklob sapling (D:7)
  3 crimson imps
  A goliath beetle (D:6)
  A centaur zombie (D:6)
  2 hounds
  Crazy Yiuf (D:3)
  A gnoll shaman (D:7)
  An iguana (D:6)
  A worker ant (D:6)
  4 big kobold zombies
  A sky beast zombie (D:6)
  Ijyb (D:3)
  Terence (D:3)
  2 mummies (Ossuary)
  6 adders
  4 gnolls (D:7)
  3 shadow imps (D:6)
  2 giant mites
  A goliath beetle zombie (D:7)
  An orc skeleton (D:6)
  2 worms
  4 adder zombies (Ossuary)
  7 giant geckos
  2 oozes (D:2)
  5 orcs
  A bat zombie (D:7)
  5 giant cockroaches
  2 gnoll zombies (Ossuary)
  8 goblins
  8 hobgoblins
  6 jackals (D:2)
  2 quokkas
  2 ball pythons
  9 bats
  2 giant newts
  3 hobgoblin zombies (Ossuary)
  9 kobolds
  4 kobold zombies (Ossuary)
  2 orc zombies (Ossuary)
  13 rats
  A plant (D:7)
148 creatures vanquished.

Vanquished Creatures (others)
  A quokka (D:6)
1 creature vanquished.

Grand Total: 149 creatures vanquished

Notes
Turn   | Place    | Note
--------------------------------------------------------------
     0 | D:1      | Psiweapon, the Mummy Fighter, began the quest for the Orb.
     0 | D:1      | Reached XP level 1. HP: 18/18 MP: 1/1
   190 | D:1      | Reached XP level 2. HP: 18/24 MP: 2/2
   777 | D:2      | Reached XP level 3. HP: 29/29 MP: 3/3
  1699 | D:3      | Noticed Terence
  2002 | D:5      | Entered Level 5 of the Dungeon
  2016 | D:4      | Noticed a scorpion
  2030 | D:4      | Killed a scorpion
  2030 | D:4      | Reached skill level 4 in Fighting
  2030 | D:4      | Reached XP level 4. HP: 7/37 MP: 4/4
  2332 | D:4      | Reached XP level 5. HP: 22/42 MP: 5/5
  2492 | D:3      | Noticed Ijyb
  2507 | D:3      | Killed Ijyb
  2666 | D:3      | Killed Terence
  2711 | D:3      | Noticed Grinder
  2721 | D:3      | Paralysed by Grinder for 4 turns
  2729 | D:3      | Killed Grinder
  2729 | D:3      | Reached skill level 5 in Fighting
  2729 | D:3      | Reached XP level 6. HP: 16/51 MP: 6/6
  2981 | D:3      | Found an opulent altar of Gozag.
  2981 | D:3      | Found a bloodstained altar of Trog.
  3057 | D:4      | Found Kleatot's Weapon Emporium.
  3117 | D:3      | Noticed Crazy Yiuf
  3128 | D:3      | Killed Crazy Yiuf
  3277 | D:3      | Noticed Psiweapon's ghost (average MiGl)
  3293 | D:3      | Killed Psiweapon's ghost
  3293 | D:3      | Reached XP level 7. HP: 55/57 MP: 7/7
  3572 | D:4      | Reached skill level 6 in Fighting
  3789 | D:6      | Found Nyucolu's Antique Weapon Boutique.
  3816 | D:6      | Found a sand-covered staircase.
  3822 | D:6      | Reached skill level 5 in Maces & Flails
  3839 | Ossuary  | Entered an ossuary
  4017 | Ossuary  | Reached skill level 7 in Fighting
  4017 | Ossuary  | Reached XP level 8. HP: 51/67 MP: 8/8
  4526 | D:6      | Found a white marble altar of Elyvilon.
  5252 | D:8      | Reached skill level 8 in Fighting
  5303 | D:7      | Noticed Sigmund
  5307 | D:7      | Killed Sigmund
  5411 | D:7      | Found a staircase to the Ecumenical Temple.
  5411 | D:7      | Noticed Prince Ribbit
  5449 | D:7      | Found an iron altar of Okawaru.
  5454 | D:7      | Found a glowing silver altar of Zin.
  5455 | D:7      | Found a white marble altar of Elyvilon.
  5456 | D:7      | Found a basalt altar of Yredelemnul.
  5457 | D:7      | Found a snail-covered altar of Cheibriados.
  5457 | D:7      | Found a glowing golden altar of the Shining One.
  5530 | Temple   | Entered the Ecumenical Temple
  5707 | Temple   | Became a worshipper of Ashenzari the Shackled
  6020 | D:7      | Slain by Prince Ribbit

Action                   |  1- 3 |  4- 6 |  7- 9 || total
-------------------------+-------+-------+-------++-------
Melee: Flail             |   167 |   112 |   511 ||   790
Evoke: Wand              |     1 |     3 |    11 ||    15
  Use: Scroll            |       |       |    10 ||    10
